[Event "Titled Tuesday Blitz October 31 Late 2023"]
[White "Bogaudinov, Rushan"]
[Black "Santos Flores, Alberto"]
[WhiteFideId "4129288"]
[BlackFideId "3601234"]
[WhiteElo "2361"]
[BlackElo "2499"]
[Result "1-0"]
[Round "6"]
[TimeControl "180+1"]
[Date "2023.10.31"]
[WhiteClock "0:01:30"]
[BlackClock "0:01:17"]
[Board "95"]

1. d4 d5 2. c4 c6 3. Nc3 Nf6 4. e3 a6 5. c5 e5 6. b4 exd4 7. Qxd4 Nbd7 8. Nf3 g6 9. Bb2 Bg7 10. Qd2 O-O 11. Be2 Ng4 12. O-O Nge5 13. Nd4 Nf6 14. a4 Qe7 15. b5 axb5 16. axb5 Rxa1 17. Rxa1 Qxc5 18. Ba3 Qa7 19. bxc6 Nxc6 20. Ncb5 Qa4 21. Qc1 Nxd4 22. Nxd4 Rd8 23. Bb5 Qa5 24. Be7 Qb6 25. Bxd8 Qxd8 26. Ra8 1-0


[Site "https://www.chess.com"]

[Event "Titled Tuesday Blitz October 31 Late 2023"]
[White "Cervantes Landeiro, Thalia"]
[Black "Senft, Sean"]
[WhiteFideId "3520498"]
[BlackFideId "2044960"]
[WhiteElo "2497"]
[BlackElo "2341"]
[Result "1-0"]
[Round "6"]
[TimeControl "180+1"]
[Date "2023.10.31"]
[WhiteClock "0:00:32"]
[BlackClock "0:00:22"]
[Board "96"]

1. d4 d5 2. c4 c6 3. Nf3 Nf6 4. e3 a6 5. Nc3 Bf5 6. Ne5 e6 7. cxd5 exd5 8. Bd3 Bxd3 9. Qxd3 Nbd7 10. O-O Bd6 11. f4 O-O 12. Bd2 Re8 13. Kh1 Nf8 14. Rg1 Ne4 15. Nxe4 dxe4 16. Qb3 Qe7 17. Raf1 Bxe5 18. fxe5 Ne6 19. Bb4 Qd7 20. Bd6 Rac8 21. Qc2 Ng5 22. h4 Qg4 23. Rf4 Qh5 24. Qf2 Ne6 25. Rxe4 Qg6 26. Qf3 c5 27. Rg4 Qc2 28. Rf1 Nd8 29. d5 Qxb2 30. e6 f6 31. Qg3 f5 32. Rxf5 Qb1+ 33. Kh2 Qxf5 34. Rxg7+ Kh8 35. Be5 1-0


[Site "https://www.chess.com"]

[Event "Titled Tuesday Blitz October 31 Late 2023"]
[White "Buchenau, Frank"]
[Black "Balla, Tamas-Kristof"]
[WhiteFideId "4604350"]
[BlackFideId "1208497"]
[WhiteElo "2483"]
[BlackElo "2339"]
[Result "1-0"]
[Round "6"]
[TimeControl "180+1"]
[Date "2023.10.31"]
[WhiteClock "0:01:06"]
[BlackClock "0:00:17"]
[Board "97"]

1. e4 c5 2. Nf3 Nc6 3. Bb5 Nf6 4. Bxc6 dxc6 5. d3 Nd7 6. e5 Qc7 7. Qe2 e6 8. O-O Be7 9. Re1 O-O 10. Bg5 Bxg5 11. Nxg5 h6 12. Nf3 b5 13. c4 Nb6 14. Nc3 Ba6 15. b3 Rad8 16. Ne4 Nd7 17. Ng3 Rfe8 18. h4 Nf8 19. h5 Nh7 20. Ne4 Qb6 21. Rac1 f6 22. Qe3 f5 23. Nd6 Rf8 24. cxb5 Bxb5 25. Qxc5 Bxd3 26. Qxb6 axb6 27. Rxc6 Be4 28. Rxb6 Bxf3 29. gxf3 Ng5 30. Kg2 Ra8 31. a4 Rfb8 32. Rxb8+ Rxb8 33. Rb1 Nh7 34. b4 Nf8 35. b5 Nd7 36. f4 Kf8 37. a5 Ke7 38. b6 Nc5 39. Rc1 Nb3 40. Rc7+ Kf8 41. b7 Nxa5 42. Rc8+ 1-0


[Site "https://www.chess.com"]

[Event "Titled Tuesday Blitz October 31 Late 2023"]
[White "Willy, Stephen"]
[Black "Shapiro, Daniel"]
[WhiteFideId "30981468"]
[BlackFideId "2001780"]
[WhiteElo "2478"]
[BlackElo "2325"]
[Result "1-0"]
[Round "6"]
[TimeControl "180+1"]
[Date "2023.10.31"]
[WhiteClock "0:00:22"]
[BlackClock "0:00:00"]
[Board "98"]

1. d4 Nf6 2. c4 e6 3. Nc3 Bb4 4. Qc2 d5 5. Bg5 O-O 6. e3 Nbd7 7. Bd3 h6 8. h4 b6 9. Ne2 Bb7 10. a3 Be7 11. Nf4 Re8 12. Bg6 Nf8 13. Bd3 hxg5 14. hxg5 Ne4 15. Nxe4 dxe4 16. Bxe4 Bxe4 17. Qxe4 Bxg5 18. Nd3 Qf6 19. Ne5 c5 20. f4 Bh6 21. g4 cxd4 22. g5 Bxg5 23. fxg5 Qxg5 24. Rh8+ Kxh8 25. Nxf7+ Kg8 26. Nxg5 dxe3 27. O-O-O Rac8 28. Qf4 Rc7 29. Qxc7 Re7 30. Qxe7 Nd7 31. Qf7+ 1-0


[Site "https://www.chess.com"]

[Event "Titled Tuesday Blitz October 31 Late 2023"]
[White "Szente Varga, Fruzsina"]
[Black "Tworuszka, Michal"]
[WhiteFideId "712264"]
[BlackFideId "1117858"]
[WhiteElo "2313"]
[BlackElo "2473"]
[Result "1-0"]
[Round "6"]
[TimeControl "180+1"]
[Date "2023.10.31"]
[WhiteClock "0:00:14"]
[BlackClock "0:00:00"]
[Board "99"]

1. e4 c5 2. Nf3 Nc6 3. Bb5 g6 4. O-O Bg7 5. Nc3 d6 6. d4 cxd4 7. Nxd4 Bd7 8. Bxc6 bxc6 9. Nce2 c5 10. Nb3 Nf6 11. e5 dxe5 12. Nxc5 Bc6 13. Be3 O-O 14. c4 Ng4 15. Nc3 Nxe3 16. fxe3 Qb6 17. N5a4 Qxe3+ 18. Kh1 Qg5 19. Qe2 f5 20. b4 e4 21. Rab1 Rac8 22. b5 Bb7 23. c5 Rfd8 24. c6 Ba8 25. Qc4+ Kh8 26. Rbd1 Qf6 27. Nd5 Qd6 28. Nc5 e6 29. Ne3 Qe7 30. Nxe6 Rxd1 31. Rxd1 a6 32. Rd7 Qf6 33. Nxg7 axb5 34. Qxb5 Bxc6 35. Qb6 1-0


[Site "https://www.chess.com"]

[Event "Titled Tuesday Blitz October 31 Late 2023"]
[White "Bilan, Danila"]
[Black "PapaieDudu"]
[WhiteFideId "24161918"]
[WhiteElo "2465"]
[BlackElo "2311"]
[Result "1-0"]
[Round "6"]
[TimeControl "180+1"]
[Date "2023.10.31"]
[WhiteClock "0:00:05"]
[BlackClock "0:00:58"]
[Board "100"]

1. d4 d5 2. Nf3 Nf6 3. c4 e6 4. Nc3 a6 5. cxd5 exd5 6. Bg5 Be7 7. e3 Nbd7 8. Bd3 O-O 9. O-O Re8 10. Rc1 Nf8 11. Ne5 Ne6 12. Bh4 c6 13. f4 h6 14. Bb1 Rf8 15. Qc2 Re8 16. Bxf6 Bxf6 17. Qh7+ Kf8 18. Ne2 Nc7 19. Ng3 Nb5 20. Bf5 Nd6 21. Bxc8 Rxc8 22. Nh5 Ne4 23. Rf3 c5 24. Rcf1 cxd4 25. exd4 Qb6 26. Nd7+ Ke7 27. Nxb6 Bxd4+ 28. Kh1 Bxb6 29. Qxg7 Rc6 30. Qe5+ Re6 31. Qxd5 Rd8 32. Qxb7+ Rd7 33. Qxa6 Nf2+ 34. R3xf2 Bxf2 35. Qa3+ Kd8 36. Qf8+ Re8 37. Qxh6 Bd4 38. Qg5+ Kc7 39. Rc1+ Kd6 40. Nf6 Bxb2 41. Qc5+ Ke6 42. Re1+ Kxf6 43. Qg5# 1-0


[Site "https://www.chess.com"]

[Event "Titled Tuesday Blitz October 31 Late 2023"]
[White "Rakitic2010"]
[Black "Fominykh, Maria"]
[BlackFideId "4142411"]
[WhiteElo "2461"]
[BlackElo "2310"]
[Result "1-0"]
[Round "6"]
[TimeControl "180+1"]
[Date "2023.10.31"]
[WhiteClock "0:00:14"]
[BlackClock "0:00:00"]
[Board "101"]

1. e4 e6 2. d4 d5 3. Nc3 Nf6 4. e5 Nfd7 5. f4 c5 6. Nf3 Nc6 7. Be3 a6 8. Qd2 b5 9. dxc5 Bxc5 10. Bd3 d4 11. Nxd4 Nxd4 12. Ne4 Bb7 13. Nxc5 Nxc5 14. Bxd4 Nxd3+ 15. Qxd3 Qd5 16. b3 O-O-O 17. O-O-O Qxg2 18. Rhg1 Qxh2 19. Qc3+ Kb8 20. Qc5 Qxf4+ 21. Be3 Qf3 22. Qa7+ Kc8 23. Qc5+ Qc6 24. Qe7 Rd7 25. Qb4 Rhd8 26. Rxd7 Qxd7 27. Rxg7 Qd1+ 28. Kb2 Qd5 29. Qc3+ Qc6 30. Rxh7 Qxc3+ 31. Kxc3 Rd7 32. Bb6 Be4 33. Rh8+ Kb7 34. Bc5 Rc7 35. b4 Bg6 36. Kd4 Rd7+ 37. Bd6 Bxc2 38. Rb8+ Ka7 39. Rc8 Bf5 40. Kc5 Be4 41. a3 Bb7 42. Rh8 Bd5 43. Rf8 1-0


[Site "https://www.chess.com"]

[Event "Titled Tuesday Blitz October 31 Late 2023"]
[White "Mmukka"]
[Black "Schut, Han"]
[BlackFideId "1005561"]
[WhiteElo "2460"]
[BlackElo "2305"]
[Result "1-0"]
[Round "6"]
[TimeControl "180+1"]
[Date "2023.10.31"]
[WhiteClock "0:00:11"]
[BlackClock "0:00:00"]
[Board "102"]

1. e4 c5 2. Nf3 d6 3. d4 cxd4 4. Nxd4 Nf6 5. Nc3 a6 6. h3 e6 7. g4 d5 8. exd5 Nxd5 9. Bg2 Bb4 10. Ne2 Nc6 11. Bd2 Bxc3 12. Nxc3 Nxc3 13. Bxc3 Qxd1+ 14. Rxd1 f6 15. O-O Ke7 16. Bxc6 bxc6 17. Bb4+ Kf7 18. Bc5 h5 19. Rd6 hxg4 20. hxg4 e5 21. f3 Be6 22. b3 Rac8 23. c4 e4 24. fxe4 Bxg4 25. e5 f5 26. e6+ Kf6 27. Re1 Kg5 28. e7 Rce8 29. Kg2 f4 30. Bd4 g6 31. Bxh8 Rxh8 32. e8=Q f3+ 33. Kg1 1-0


[Site "https://www.chess.com"]

[Event "Titled Tuesday Blitz October 31 Late 2023"]
[White "ATM622"]
[Black "Vifleemskaia, Svetlana"]
[BlackFideId "4129490"]
[WhiteElo "2451"]
[BlackElo "2288"]
[Result "1/2-1/2"]
[Round "6"]
[TimeControl "180+1"]
[Date "2023.10.31"]
[WhiteClock "0:00:03"]
[BlackClock "0:00:06"]
[Board "103"]

1. d4 Nf6 2. c4 e6 3. g3 Bb4+ 4. Nd2 O-O 5. Bg2 d6 6. Nf3 Qe7 7. O-O Bxd2 8. Bxd2 e5 9. dxe5 dxe5 10. Bc3 Nc6 11. b4 Rd8 12. Qa4 Nd4 13. Rfe1 Bd7 14. b5 c5 15. e3 Nxf3+ 16. Bxf3 Bf5 17. Rad1 e4 18. Bg2 Rd3 19. Bb2 a6 20. Qa5 Qe6 21. Qc7 axb5 22. Qxb7 Rad8 23. Rc1 bxc4 24. Qc7 Qd6 25. Qa7 Qd5 26. Bxf6 gxf6 27. Qe7 Qe5 28. Qb7 Qd5 29. Qxd5 R8xd5 30. Rxc4 Rd1 31. Kf1 R1d2 32. Bxe4 Bxe4 33. Rxe4 Rxa2 34. Kg2 Rdd2 35. Rf1 Rdc2 36. Re8+ Kg7 37. Rc8 Kg6 38. Kf3 c4 39. Rc5 f5 40. h4 h5 41. Rc6+ f6 42. Rc5 Rab2 43. Rc7 Ra2 44. Kg2 Rab2 45. Kf3 Ra2 46. Rc8 Rab2 47. Rc6 Ra2 48. Rc5 Rab2 49. Ra5 Ra2 50. Rc5 1/2-1/2


[Site "https://www.chess.com"]

[Event "Titled Tuesday Blitz October 31 Late 2023"]
[White "Quirke, Jeffrey"]
[Black "Rangel, Daniel"]
[WhiteFideId "2013029"]
[BlackFideId "2124475"]
[WhiteElo "2239"]
[BlackElo "2447"]
[Result "0-1"]
[Round "6"]
[TimeControl "180+1"]
[Date "2023.10.31"]
[WhiteClock "0:00:00"]
[BlackClock "0:01:34"]
[Board "104"]

1. e4 c5 2. c3 g6 3. d4 cxd4 4. cxd4 d5 5. e5 Bg7 6. Nc3 Nc6 7. h3 Nh6 8. Bf4 O-O 9. Qd2 Nf5 10. Nf3 e6 11. Bb5 a6 12. Bxc6 bxc6 13. Na4 Nh4 14. Nxh4 Qxh4 15. O-O Qe7 16. Rac1 Bb7 17. Nc5 a5 18. Rfe1 a4 19. Bg5 Qc7 20. Bh6 Rfb8 21. Bxg7 Kxg7 22. h4 h5 23. Re3 Qe7 24. g3 Ba6 25. b3 axb3 26. axb3 Bb5 27. Rf3 Ra3 28. Qf4 Rba8 29. g4 Be2 30. Rg3 Bxg4 31. f3 Bf5 0-1


[Site "https://www.chess.com"]

[Event "Titled Tuesday Blitz October 31 Late 2023"]
[White "Jovic, Stanoje"]
[Black "Slavin, Alexey"]
[WhiteFideId "905020"]
[BlackFideId "24104388"]
[WhiteElo "2436"]
[BlackElo "2264"]
[Result "1-0"]
[Round "6"]
[TimeControl "180+1"]
[Date "2023.10.31"]
[WhiteClock "0:00:23"]
[BlackClock "0:00:00"]
[Board "105"]

1. c4 Nc6 2. g3 e5 3. Bg2 Nf6 4. Nf3 Bc5 5. O-O O-O 6. Nxe5 Nxe5 7. d4 Nxc4 8. dxc5 Qe7 9. Qd4 Ne5 10. b4 a5 11. a3 Nc6 12. Bxc6 dxc6 13. Bg5 axb4 14. axb4 Rxa1 15. Qxa1 Qxe2 16. Nd2 Nd5 17. Re1 Qh5 18. h4 Nxb4 19. Qa5 Nd5 20. Qa4 h6 21. Bf4 Be6 22. Be5 Qg6 23. Rb1 Qd3 24. Qd4 Qxd4 25. Bxd4 Bc8 26. Ra1 Re8 27. Ra8 Kf8 28. Nc4 f6 29. Ne3 Nxe3 30. Bxe3 Be6 31. Ra7 Rb8 32. Bf4 Rc8 33. Rxb7 Ke7 34. Bxc7 Bd7 35. Bd6+ Ke6 36. Rb1 1-0


[Site "https://www.chess.com"]

[Event "Titled Tuesday Blitz October 31 Late 2023"]
[White "Mindhunter08"]
[Black "Djordjevic, Dejan N"]
[BlackFideId "913316"]
[WhiteElo "2428"]
[BlackElo "2045"]
[Result "1-0"]
[Round "6"]
[TimeControl "180+1"]
[Date "2023.10.31"]
[WhiteClock "0:00:57"]
[BlackClock "0:00:36"]
[Board "106"]

1. e4 c5 2. Nf3 Nc6 3. Bb5 g6 4. Bxc6 dxc6 5. d3 Bg7 6. Nc3 e5 7. Be3 b6 8. a4 a5 9. Nd2 Qc7 10. O-O Nf6 11. h3 O-O 12. f4 exf4 13. Bxf4 Qb7 14. Nc4 Be6 15. Nd6 Qd7 16. Qf3 Ne8 17. e5 Nxd6 18. exd6 c4 19. Qg3 cxd3 20. cxd3 f5 21. Rae1 Rfe8 22. Re2 b5 23. axb5 cxb5 24. Rfe1 Rab8 25. Be5 b4 26. Bxg7 Kxg7 27. Nd5 Bxd5 28. Re7+ Rxe7 29. Rxe7+ Qxe7 30. dxe7 Re8 31. Qe5+ 1-0


[Site "https://www.chess.com"]

[Event "Titled Tuesday Blitz October 31 Late 2023"]
[White "Modric, Nesa"]
[Black "D`Arruda, Ricardo D."]
[WhiteFideId "922579"]
[BlackFideId "100692"]
[WhiteElo "2236"]
[BlackElo "2512"]
[Result "1/2-1/2"]
[Round "6"]
[TimeControl "180+1"]
[Date "2023.10.31"]
[WhiteClock "0:00:13"]
[BlackClock "0:00:20"]
[Board "107"]

1. e4 c5 2. c3 Nf6 3. e5 Nd5 4. Nf3 d6 5. d4 cxd4 6. exd6 e6 7. Nxd4 Qxd6 8. g3 Be7 9. Bg2 Nc6 10. O-O O-O 11. Nxc6 Qxc6 12. Nd2 Qc7 13. Nf3 Bd7 14. Qe2 Rfd8 15. Ne5 Be8 16. Rd1 Rac8 17. c4 Nb4 18. Rxd8 Rxd8 19. Bf4 Bd6 20. a3 Nc6 21. Nxc6 Bxc6 22. Bxc6 Qxc6 23. Rd1 Be7 24. Rxd8+ Bxd8 25. b4 a6 26. Qd3 Be7 27. c5 g6 28. Bd6 Bf6 29. Qb3 b5 30. Qd3 h5 31. h4 Kg7 32. Bf4 e5 33. Bg5 e4 34. Bxf6+ Kxf6 35. Qd4+ Ke6 36. Kf1 Ke7 37. Qe5+ Kd7 38. Qf4 f5 39. Qe5 Kd8 40. Qh8+ Kd7 41. Qg7+ Kd8 42. Qf8+ Kd7 43. Qf7+ Kd8 44. Qf8+ Kd7 45. Qf7+ Kc8 46. Qf8+ Kd7 1/2-1/2


[Site "https://www.chess.com"]

[Event "Titled Tuesday Blitz October 31 Late 2023"]
[White "FuenfgegenWilly"]
[Black "HeroRubiksCube"]
[WhiteElo "2388"]
[BlackElo "2500"]
[Result "1-0"]
[Round "6"]
[TimeControl "180+1"]
[Date "2023.10.31"]
[WhiteClock "0:00:56"]
[BlackClock "0:00:04"]
[Board "108"]

1. Nf3 b6 2. e3 Bb7 3. c4 Nf6 4. b3 e6 5. Bb2 Be7 6. g3 O-O 7. Bg2 d6 8. O-O Nbd7 9. d3 e5 10. Nc3 Qc8 11. Qe2 a6 12. Ne1 Bxg2 13. Nxg2 Qb7 14. f4 Rfe8 15. g4 exf4 16. exf4 Bf8 17. Qd1 Nb8 18. g5 Nfd7 19. Nd5 c6 20. Nde3 d5 21. Nf5 c5 22. Qg4 d4 23. Rae1 Nc6 24. a3 Na5 25. b4 Nc6 26. Ngh4 g6 27. Nh6+ Bxh6 28. gxh6 Nf6 29. Qg5 Nh5 30. f5 Qd7 31. fxg6 fxg6 32. Nxg6 hxg6 33. Qxg6+ Kh8 34. Qxh5 Rxe1 35. Rxe1 Rg8+ 36. Kh1 Qd6 37. bxc5 bxc5 38. Bc1 Qf6 39. h7 Rf8 40. Bh6 Qf3+ 41. Qxf3 Rxf3 42. Re6 Na5 43. Rxa6 Nb3 44. Ra7 Rh3 45. Bf4 Rxh7 46. Be5+ Kg8 47. Ra8+ Kf7 48. Ra7+ Kg6 49. Rxh7 Kxh7 50. Bd6 Kg7 51. a4 Kf6 52. a5 Ke6 53. a6 1-0


[Site "https://www.chess.com"]

[Event "Titled Tuesday Blitz October 31 Late 2023"]
[White "Nikolova, Adriana"]
[Black "Pinero Rodriguez, Carlos Jose"]
[WhiteFideId "2908689"]
[BlackFideId "3901726"]
[WhiteElo "2386"]
[BlackElo "2492"]
[Result "1-0"]
[Round "6"]
[TimeControl "180+1"]
[Date "2023.10.31"]
[WhiteClock "0:00:04"]
[BlackClock "0:00:00"]
[Board "109"]

1. e4 c5 2. Nf3 Nc6 3. d4 cxd4 4. Nxd4 g6 5. Nc3 Bg7 6. Be3 Nf6 7. Bc4 O-O 8. Bb3 d6 9. f3 Bd7 10. Qd2 Nxd4 11. Bxd4 b5 12. Nd5 e6 13. Nxf6+ Bxf6 14. Bxf6 Qxf6 15. c3 a5 16. Qxd6 Rfd8 17. Qb6 a4 18. Bc2 a3 19. Qd4 axb2 20. Rb1 e5 21. Qe3 Rxa2 22. O-O Be6 23. Bd3 Rxd3 24. Qxd3 Bc4 25. Qc2 Bxf1 26. Kxf1 Qf4 27. Rxb2 Ra1+ 28. Rb1 Ra8 29. h3 Qe3 30. Re1 Qc5 31. Rc1 Qc4+ 32. Qe2 Qc5 33. Qf2 Qc4+ 34. Qe2 Qc6 35. Qd3 Rc8 36. Rb1 Qxc3 37. Qxc3 Rxc3 38. Rxb5 f6 39. Kf2 Rc2+ 40. Kg3 Rc6 41. Rb7 Rd6 42. h4 Rc6 43. Ra7 Rd6 44. Kh3 Rc6 45. h5 f5 46. exf5 gxf5 47. Re7 Rc5 48. Kh4 h6 49. Re6 Kg7 50. Rg6+ Kh7 51. Rf6 e4 52. fxe4 fxe4 53. Re6 Rc4 54. g3 Kg7 55. Rg6+ Kh7 56. Re6 Kg7 57. Kg4 e3+ 58. Kf3 Rc5 59. g4 Rc3 60. Rg6+ Kh7 61. Re6 Kg7 62. Rxe3 Rc5 63. Re4 Rd5 64. Kf4 Rc5 65. Re7+ 1-0


[Site "https://www.chess.com"]

[Event "Titled Tuesday Blitz October 31 Late 2023"]
[White "UK_23"]
[Black "Manukian, Artak"]
[BlackFideId "13301373"]
[WhiteElo "2370"]
[BlackElo "2448"]
[Result "1-0"]
[Round "6"]
[TimeControl "180+1"]
[Date "2023.10.31"]
[WhiteClock "0:00:41"]
[BlackClock "0:00:26"]
[Board "110"]

1. e4 c6 2. Nc3 d5 3. Nf3 dxe4 4. Nxe4 Nf6 5. Qe2 Nxe4 6. Qxe4 Qd5 7. Qf4 Qf5 8. Qe3 Qe6 9. b3 Qxe3+ 10. fxe3 f6 11. d4 Bf5 12. c4 e6 13. Bd2 Na6 14. a3 Nc7 15. Nh4 Be4 16. Kf2 g5 17. Nf3 c5 18. Bc3 Kf7 19. d5 e5 20. h4 g4 21. Nd2 Bf5 22. e4 Bd7 23. h5 Bh6 24. Be2 Rhg8 25. Nf1 a5 26. a4 b6 27. Ra2 Na6 28. Ng3 Nb4 29. Bxb4 axb4 30. Rc2 Rg5 31. Rh4 Rag8 32. Rc1 Bf8 33. Ra1 Bd6 34. a5 Ra8 35. a6 Ra7 36. Rhh1 Rg8 37. Ra2 Rga8 38. Rha1 Bc8 39. Nf5 Bxf5 40. exf5 e4 41. Bxg4 Be5 42. Re1 Bd4+ 43. Kg3 e3 44. Bf3 Rxa6 45. Rae2 R6a7 46. h6 Kf8 47. Kf4 Re7 48. d6 Be5+ 49. Kg4 Rea7 50. Bxa8 Rxa8 51. Rxe3 Rd8 52. Rd1 Ke8 53. Rxe5+ fxe5 54. Kf3 Kd7 55. Ke4 Rg8 56. Rd2 Rg3 57. f6 Rg8 58. Kxe5 b5 59. cxb5 c4 60. bxc4 b3 61. f7 Rf8 62. Kf6 b2 63. Rxb2 Kxd6 64. Re2 1-0


[Site "https://www.chess.com"]

[Event "Titled Tuesday Blitz October 31 Late 2023"]
[White "Wanyama, Harold"]
[Black "Martinez, Shawn"]
[WhiteFideId "10000380"]
[BlackFideId "2039770"]
[WhiteElo "2442"]
[BlackElo "2361"]
[Result "1-0"]
[Round "6"]
[TimeControl "180+1"]
[Date "2023.10.31"]
[WhiteClock "0:00:18"]
[BlackClock "0:00:00"]
[Board "111"]

1. d4 g6 2. c4 Bg7 3. Nc3 d6 4. g3 h6 5. Bg2 e6 6. Nf3 Ne7 7. O-O O-O 8. e4 b6 9. Rb1 Bb7 10. b4 a6 11. Re1 Nd7 12. Qc2 Qc8 13. d5 e5 14. Bh3 Qd8 15. Ba3 a5 16. Bxd7 Qxd7 17. c5 axb4 18. c6 Bxc6 19. dxc6 Qg4 20. Bxb4 Qxf3 21. Nb5 Rac8 22. a4 f5 23. a5 bxa5 24. Bxa5 fxe4 25. Rxe4 d5 26. Re3 Qf6 27. Bb4 Rf7 28. Bxe7 Rxe7 29. Ra3 Kh7 30. Ra7 e4 31. Rd1 Qf5 32. Qc5 Rf7 33. Rd2 d4 34. Qxf5 Rxf5 35. Nxd4 Rd5 36. Nb3 Rxd2 37. Nxd2 Be5 38. Nxe4 Rd8 39. Kg2 Rd1 40. f4 1-0


[Site "https://www.chess.com"]

[Event "Titled Tuesday Blitz October 31 Late 2023"]
[White "Belenkaya, Dina"]
[Black "Lopez Del Alamo, Antonio"]
[WhiteFideId "24142654"]
[BlackFideId "2227339"]
[WhiteElo "2432"]
[BlackElo "2347"]
[Result "1-0"]
[Round "6"]
[TimeControl "180+1"]
[Date "2023.10.31"]
[WhiteClock "0:02:26"]
[BlackClock "0:02:04"]
[Board "112"]

1. Nf3 Nf6 2. g3 g6 3. Bg2 Bg7 4. O-O O-O 5. d4 d6 6. c4 c6 7. Nc3 Qa5 8. e4 e5 9. d5 cxd5 10. cxd5 Bd7 11. Bd2 Rc8 12. Qb3 b5 13. a4 bxa4 14. Nxa4 Bxa4 15. Qb7 Qb6 16. Qxc8+ Ne8 17. Rxa4 1-0


[Site "https://www.chess.com"]

[Event "Titled Tuesday Blitz October 31 Late 2023"]
[White "Su, Dion"]
[Black "Muhammad Shahzeb"]
[WhiteFideId "2029731"]
[BlackFideId "7804806"]
[WhiteElo "2421"]
[BlackElo "2335"]
[Result "1-0"]
[Round "6"]
[TimeControl "180+1"]
[Date "2023.10.31"]
[WhiteClock "0:02:18"]
[BlackClock "0:02:23"]
[Board "113"]

1. e4 d5 2. exd5 Nf6 3. Nc3 Nxd5 4. Nf3 Nxc3 5. bxc3 g6 6. d4 Bg7 7. Be2 O-O 8. O-O c5 9. h3 Nc6 10. Be3 Qa5 11. Qd2 Rd8 12. Bh6 cxd4 13. Bxg7 Kxg7 14. Qf4 e5 15. Qg3 dxc3 16. Rab1 Nd4 17. Nxd4 exd4 18. Rb5 Qxa2 19. Qe5+ f6 20. Qe7+ Qf7 21. Qxd8 b6 22. Qxd4 1-0


[Site "https://www.chess.com"]

[Event "Titled Tuesday Blitz October 31 Late 2023"]
[White "SlippperyWhenWet"]
[Black "Pinto, Daniel"]
[BlackFideId "3303144"]
[WhiteElo "2318"]
[BlackElo "2412"]
[Result "0-1"]
[Round "6"]
[TimeControl "180+1"]
[Date "2023.10.31"]
[WhiteClock "0:00:03"]
[BlackClock "0:00:04"]
[Board "114"]

1. e4 c6 2. Nc3 d5 3. Nf3 Bg4 4. h3 Bxf3 5. Qxf3 e6 6. Be2 Nd7 7. d4 dxe4 8. Nxe4 Ngf6 9. Bg5 Be7 10. O-O Nxe4 11. Bxe7 Qxe7 12. Qxe4 Nf6 13. Qe5 O-O 14. c4 Rfd8 15. Rad1 Qd6 16. Rfe1 Qxe5 17. dxe5 Ne8 18. f4 Kf8 19. Kf2 Ke7 20. Ke3 Rxd1 21. Rxd1 Rd8 22. Rxd8 Kxd8 23. Kd4 b6 24. b4 g6 25. g4 Kd7 26. Bf3 Nc7 27. a4 Na6 28. b5 c5+ 29. Kc3 Nb8 30. a5 h6 31. axb6 axb6 32. Be4 Ke7 33. Kd3 g5 34. Ke3 Nd7 35. Kf3 f6 36. exf6+ Kxf6 37. Bc6 Nf8 38. Ke4 gxf4 39. Kxf4 Ng6+ 40. Ke4 Ne5 41. h4 Nxc4 42. Bd7 Nd6+ 43. Kf4 e5+ 44. Ke3 Ke7 45. Bc6 Ke6 46. Kd3 Kf6 47. Ke3 c4 48. Bd7 Ke7 49. Bc6 Ke6 50. Kd2 e4 51. Ke3 Ke5 52. g5 hxg5 53. hxg5 c3 54. g6 Kf6 55. Ke2 Kxg6 56. Kd1 Kf5 57. Kc2 Kf4 58. Kxc3 e3 59. Kd3 Nf7 60. Ke2 Ne5 61. Bd5 Ng4 62. Bf3 Ne5 63. Bc6 Nc4 64. Bd5 Nd6 65. Bc6 Nf5 66. Kd3 Ng3 67. Kc2 e2 68. Kd2 Ke5 69. Ke1 Kd4 70. Bf3 Ke3 71. Bc6 Nf5 72. Bd7 Nd4 73. Bc6 Nc2# 0-1


[Site "https://www.chess.com"]

[Event "Titled Tuesday Blitz October 31 Late 2023"]
[White "Lebedev, Artem S."]
[Black "Harriott, Tyrell"]
[WhiteFideId "34272747"]
[BlackFideId "2086484"]
[WhiteElo "2409"]
[BlackElo "2311"]
[Result "0-1"]
[Round "6"]
[TimeControl "180+1"]
[Date "2023.10.31"]
[WhiteClock "0:00:00"]
[BlackClock "0:01:31"]
[Board "115"]

1. e4 e6 2. d4 d5 3. Nc3 f5 4. e5 c5 5. f4 Nc6 6. Nf3 Nh6 7. Be3 c4 8. h3 Be7 9. Be2 Bh4+ 10. Kd2 Bg3 11. h4 Ng4 12. Qf1 Qa5 13. Rh3 Nb4 14. Bd1 b5 15. Rxg3 Nc6 16. a3 b4 17. Nb1 c3+ 18. bxc3 bxc3+ 19. Ke2 Ba6+ 0-1


[Site "https://www.chess.com"]

[Event "Titled Tuesday Blitz October 31 Late 2023"]
[White "De Souza, Cristiano Gomes"]
[Black "Kawuma, Patrick"]
[WhiteFideId "2151758"]
[BlackFideId "10000127"]
[WhiteElo "2241"]
[BlackElo "2394"]
[Result "0-1"]
[Round "6"]
[TimeControl "180+1"]
[Date "2023.10.31"]
[WhiteClock "0:01:43"]
[BlackClock "0:02:10"]
[Board "116"]

1. d4 Nf6 2. c4 c5 3. Nf3 e6 4. d5 d6 5. Nc3 Na6 6. h3 Nc7 7. e4 g6 8. Bd3 Bg7 9. O-O O-O 10. a4 Na6 11. Rb1 Nb4 12. Be2 Re8 13. Bg5 exd5 14. exd5 Bf5 15. Rc1 Qd7 16. Re1 Ne4 17. Bf1 Nxc3 18. bxc3 Na2 19. Ra1 Nxc3 20. Re7 Rxe7 0-1


[Site "https://www.chess.com"]

[Event "Titled Tuesday Blitz October 31 Late 2023"]
[White "Freeeeeeeeeeeeeeeeee"]
[Black "Todorovic, Bojan"]
[BlackFideId "917087"]
[WhiteElo "2043"]
[BlackElo "2390"]
[Result "1-0"]
[Round "6"]
[TimeControl "180+1"]
[Date "2023.10.31"]
[WhiteClock "0:00:05"]
[BlackClock "0:00:00"]
[Board "117"]

1. Nc3 g6 2. h4 Nf6 3. h5 Nxh5 4. e4 c6 5. d4 d5 6. e5 Ng7 7. Bg5 Ne6 8. Be3 c5 9. Nf3 Nc6 10. Bb5 Qb6 11. Nxd5 Qxb5 12. dxc5 Qa5+ 13. b4 Qd8 14. b5 Na5 15. Qd3 Bg7 16. Rd1 a6 17. Qa3 Nc4 18. Nf6+ exf6 19. Rxd8+ Nxd8 20. Qa4 Nxe3 21. fxe3 Bd7 22. exf6 Bxf6 23. c6 bxc6 24. O-O O-O 25. b6 Nb7 26. Nd4 Bxd4 27. Qxd4 Be6 28. a4 Rad8 29. Qc3 c5 30. Ra1 Rd5 31. a5 Rfd8 32. Qf6 R8d7 33. Qf3 Rd2 34. Qc6 Rxc2 35. Qc8+ Kg7 36. Qa8 Bc4 37. Qb8 Bb5 38. Rf1 Re7 39. Rf2 Rxf2 40. Kxf2 Re6 41. Qxb7 c4 42. Qc7 Bc6 43. b7 Bxb7 44. Qxb7 c3 45. Qb4 Rc6 46. Qd4+ Kg8 47. Qd8+ Kg7 48. Qd1 c2 49. Qc1 h5 50. Ke2 Kf6 51. Kd2 Kf5 52. Qf1+ Ke6 53. Kc1 Rc5 54. Qxa6+ Ke5 55. Qb6 1-0


[Site "https://www.chess.com"]

[Event "Titled Tuesday Blitz October 31 Late 2023"]
[White "Howell, David W L"]
[Black "Elbebiber"]
[WhiteFideId "410608"]
[WhiteElo "2974"]
[BlackElo "2165"]
[Result "1-0"]
[Round "6"]
[TimeControl "180+1"]
[Date "2023.10.31"]
[WhiteClock "0:01:13"]
[BlackClock "0:00:02"]
[Board "118"]

1. d4 e6 2. c3 d5 3. Bf4 Nf6 4. e3 Bd6 5. Nd2 c5 6. Bg3 Nc6 7. Ngf3 O-O 8. Bb5 cxd4 9. exd4 Qc7 10. Qe2 Bd7 11. O-O a6 12. Bd3 Bxg3 13. fxg3 Rac8 14. Rae1 Ne7 15. Ne5 Ng6 16. Ndf3 Rfe8 17. Ng5 Rf8 18. h4 Bb5 19. Bxb5 axb5 20. Qxb5 Ne7 21. Qd3 Nf5 22. g4 Nxh4 23. Rxf6 1-0


[Site "https://www.chess.com"]